 Dungeon Crawl Stone Soup version 0.23-a0-38-g6d804a8 (webtiles) character file.

7 Amnesiac the Conjurer (level 1, -1/13 HPs)
             Began as a Mummy Conjurer on Aug 5, 2018.
             Slain by a kobold
             ... wielding a +0 short sword
              (6 damage)
             ... on level 2 of the Dungeon.
             The game lasted 00:00:38 (316 turns).

Amnesiac the Conjurer (Mummy Conjurer)               Turns: 316, Time: 00:00:38

Health: -1/13      AC:  2    Str: 11    XL:     1   Next: 91%
Magic:  4/4        EV: 11    Int: 14    God:
Gold:   0          SH:  3    Dex: 12    Spells: 5/6 levels left

rFire    x . .     SeeInvis .   a - +1 short sword (freeze)
rCold    + . .     Gourm    .   b - +0 buckler
rNeg     + + +     Faith    .   c - +0 robe
rPois    ∞         Spirit   .   (no helmet)
rElec    .         Reflect  .   (no cloak)
rCorr    .         Harm     .   (no gloves)
MR       .....                  (no boots)
Stlth    ++........             (no amulet)
HPRegen  0.04/turn              (no ring)
MPRegen  0.09/turn              (no ring)

@: no status effects
A: no food or potions, fire vulnerability, cold resistance 1, negative energy
resistance 3, torment resistance, unbreathing
a: no special abilities


You were on level 2 of the Dungeon.
You were not hungry.

You visited 1 branch of the dungeon, and saw 2 of its levels.

Inventory:

Hand Weapons
 a - a +1 short sword of freezing (weapon)
Armour
 b - a +0 buckler (worn)
 c - a +0 robe (worn)


   Skills:
 - Level 1.5 Dodging
 - Level 1.5 Stealth
 + Level 0.8 Shields
 - Level 3.1 Spellcasting
 - Level 3.2 Conjurations


You had 5 spell levels left.
You knew the following spells:

 Your Spells              Type           Power        Failure   Level  Hunger
a - Magic Dart            Conj           ##..         9%          1    N/A

Your spell library contained the following spells:

 Spells                   Type           Power        Failure   Level  Hunger
 Iskenderun's Mystic Bla  Conj           ##......     63%         4    N/A
 Fulminant Prism          Conj/Hex       #.........   85%         4    N/A
 Dazzling Spray           Conj/Hex       #.....       43%         3    N/A
 Force Lance              Conj/Tloc      #.......     85%         4    N/A
 Searing Ray              Conj           ##....       12%         2    N/A

Dungeon Overview and Level Annotations

Branches:
Dungeon (2/15)

Altars:


Innate Abilities, Weirdness & Mutations

You do not eat or drink.
Your flesh is vulnerable to fire.
You are immune to poison.
Your flesh is cold resistant. (rC+)
You are immune to negative energy. (rN+++)
You are immune to unholy pain and torment.
You can survive without breathing.


Message History

a kobold corpse; a frilled lizard corpse You barely miss the kobold.
The kobold hits you with a dagger.
You hit the kobold. You freeze the kobold.
You kill the kobold!
No target in view!
Things that are here:
a dagger; 3 stones; a kobold corpse No target in view!
No target in view!
You start resting.
A hobgoblin comes into view.
Things that are here:
a kobold corpse; a frilled lizard corpse You see here a stone.
You start resting.
HP restored.
You see here a stone.
Things that are here:
a kobold corpse; a frilled lizard corpse
Things that are here:
a dagger; 3 stones; a kobold corpse The hobgoblin is too close now for your liking.
A hobgoblin is nearby!
A hobgoblin is nearby!
A hobgoblin is nearby!
You hit the hobgoblin but do no damage. The hobgoblin hits you.
You block the hobgoblin's attack.
You closely miss the hobgoblin. The hobgoblin hits you.
You closely miss the hobgoblin.
The hobgoblin hits you but does no damage.
A goblin comes into view. It is wielding a club.
You closely miss the hobgoblin. You block the hobgoblin's attack.
The goblin shouts!
You hit the hobgoblin. You freeze the hobgoblin.
You kill the hobgoblin!
You closely miss the goblin. The goblin misses you.
You hit the goblin. You freeze the goblin.
You kill the goblin!
No target in view!
No target in view!
You start resting.
A kobold comes into view. It is wielding a short sword.
The kobold shouts!
The kobold throws a stone.
You block the stone.
You see here a stone.
The kobold closely misses you.
You hit the kobold but do no damage. The kobold closely misses you.
You closely miss the kobold. The kobold hits you with a short sword.
* * * LOW HITPOINT WARNING * * *
You completely miss the kobold. The kobold closely misses you.
You hit the kobold. You freeze the kobold.
The kobold is severely wounded.
You block the kobold's attack.
You miss the kobold.
The kobold is severely wounded.
The kobold hits you but does no damage.
You miss the kobold.
The kobold is severely wounded.
The kobold hits you with a short sword.
* * * LOW HITPOINT WARNING * * *
You closely miss the kobold.
The kobold is severely wounded.
The kobold hits you with a short sword.
You die...

########...#
#......'..<#
#.######...# #.#
#...# #.# #...#
#(# #...# #†#
#...#
#)######...#
#..(....(@.#.#
+.....)...K'.....
#..........####..
#..........#
.................
########.#.......
#.#.......#
#.######### #.#


You could see a kobold.

Vanquished Creatures
  2 goblins
  A hobgoblin (D:2)
  3 kobolds
  A frilled lizard (D:2)
7 creatures vanquished.

Notes
Turn   | Place    | Note
-------+----------+-------------------------------------------
     0 | D:1      | Amnesiac the Mummy Conjurer began the quest for the Orb.
     0 | D:1      | Reached XP level 1. HP: 13/13 MP: 4/4
   316 | D:2      | Slain by a kobold

Vault maps used:
D:1:      lightli_arrival_noodles
D:2:      grunt_temple_overflow_open, dk_yredelemnul_ordeal

Skill      XL: |  1 |
---------------+----+-----
Spellcasting   | 3 |  3.1
Dodging        | |  1.5
Stealth        | |  1.5
Shields        | |  0.8
Conjurations   | |  3.2

Action                   || total
-------------------------++-------
Melee: Short sword       ||    21
 Cast: Magic Dart        ||     3
Armor: Robe              ||     3
Dodge: Dodged            ||     7
Block: Buckler           ||     4

Table legend:
 A = Spawn XP
 B = Non-spawn XP
 C = Spawn XP percentage of total XP
 D = Spawn monster count
 E = Non-spawn monster count
 F = Spawn count percentage of total count
 G = Total turns spent on level
                    A         B        C        D         E        F      G
               +---------+---------+-------+---------+---------+-------+---------
         Total |       0 |      11 |   0.0 |       0 |       7 |   0.0 |   316
               +---------+---------+-------+---------+---------+-------+---------
           D:1 |       0 |       4 |   0.0 |       0 |       2 |   0.0 |   201
           D:2 |       0 |       7 |   0.0 |       0 |       5 |   0.0 |   115
               +---------+---------+-------+---------+---------+-------+---------
